 Dungeon Crawl Stone Soup version 0.25-b1-23-ge2ad7d536c (webtiles) character file.

Game seed: 11906434253952144367, levelgen mode: deterministic

161 nightchill the Chiller (level 5, 0/42 HPs)
             Began as a Ghoul Ice Elementalist on June 3, 2020.
             Slain by a rat (3 damage)
             ... on level 2 of the Dungeon.
             The game lasted 00:11:21 (2306 turns).

nightchill the Chiller (Ghoul Ice Elementalist)     Turns: 2306, Time: 00:11:22

Health: 0/42       AC:  5    Str: 12    XL:     5   Next: 42%
Magic:  8/8        EV: 12    Int: 11    God:
Gold:   67         SH:  0    Dex:  9    Spells: 5/9 levels left

rFire    + . .     SeeInvis .   a - +0 dagger
rCold    + . .     Gourm    .   (no shield)
rNeg     + + +     Faith    .   i - +0 robe
rPois    ∞         Spirit   .   (no helmet)
rElec    .         Reflect  .   s - +2 cloak
rCorr    .         Harm     .   (no gloves)
MR       .....                  (no boots)
Stlth    ++........             (no amulet)
HPRegen  0.00/turn              o - ring of protection from fire
MPRegen  0.11/turn              (no ring)

@: rotting
A: rotting body, claws 1, carnivore, cold resistance 1, negative energy
resistance 3, inhibited regeneration, torment resistance, unbreathing
a: no special abilities


You were on level 2 of the Dungeon.
You were not hungry.

You visited 1 branch of the dungeon, and saw 2 of its levels.

You collected 67 gold pieces.

Inventory:

Hand Weapons
 a - a +0 dagger (weapon)
 f - a +0 club
Missiles
 p - 5 stones (quivered)
Armour
 d - a +0 chain mail
 i - a +0 robe (worn)
 n - a +0 cloak
 s - a +2 cloak (worn)
Jewellery
 k - an uncursed ring of see invisible {unknown}
 o - a ring of protection from fire (left claw)
Scrolls
 e - 2 scrolls of identify {unknown}
 g - 4 scrolls of remove curse {unknown}
 l - a scroll of magic mapping {unknown}
Potions
 b - a potion of stabbing {unknown}
 j - 2 potions of heal wounds {unknown}
 m - a potion of ambrosia {unknown}
 q - a potion of degeneration {unknown}
 r - a potion of curing {unknown}
Comestibles
 c - 2 rations


   Skills:
 + Level 2.4 Fighting
 - Level 1.7 Dodging
 - Level 2.1 Stealth
 + Level 2.6 Spellcasting
 * Level 6.0 Ice Magic


You had 5 spell levels left.
You knew the following spells:

 Your Spells              Type           Power        Failure   Level  Hunger
a - Freeze                Ice            ##..         2%          1    ##.....
b - Frozen Ramparts       Ice            ##....       7%          3    ####...

Your spell library contained the following spells:

 Spells                   Type           Power        Failure   Level  Hunger
 Ozocubu's Armour         Chrm/Ice       #.......     24%         3    ####...
 Hailstorm                Conj/Ice       #.......     61%         4    #####..
 Summon Ice Beast         Ice/Summ       #.......     61%         4    #####..


Dungeon Overview and Level Annotations

Branches:
Dungeon (2/15)

Altars:


Innate Abilities, Weirdness & Mutations

Your body is rotting away.
You thrive on raw meat.
You are immune to poison.
You have sharp fingernails.
You are carnivorous and can eat meat at any time.
Your flesh is cold resistant. (rC+)
You are immune to negative energy. (rN+++)
You do not regenerate when monsters are visible.
You are immune to unholy pain and torment.
You can survive without breathing.


Message History

The rat bites you but does no damage. The rat barely misses you.
The rat misses you. The rat bites you.
* * * LOW HITPOINT WARNING * * *
The rat barely misses you. The rat barely misses you.
The rat closely misses you. The rat barely misses you.
The rat bites you but does no damage. The rat bites you but does no damage.
The rat barely misses you. The rat bites you.
* * * LOW HITPOINT WARNING * * *
The rat barely misses you. The rat closely misses you. The rat bites you.
* * * LOW HITPOINT WARNING * * *
The rat bites you.
You die...

♣..♣.♣
#............#.
♣♣..)♣ #.#####......#
♣♣.♣♣ ...# #......#
♣♣)♣ ##### #......#
♣.♣♣
#############......#.
♣♣.♣
#..........##........
♣.♣♣
#....................
##'##
#..........##........
#.÷)#
#......@...##........
#...#
#......r...##........
#).)#
#..........##########
##### #?.........#
#..........#
#..........#
...........#
....########


You could see a rat.

Vanquished Creatures
  A bullfrog (D:2)
  Crazy Yiuf (D:2)
  2 adders (D:2)
  An ooze (D:1)
  A dart slug (D:1)
  A giant cockroach (D:1)
  4 hobgoblins
  6 jackals (D:1)
  5 kobolds
  7 bats
  6 frilled lizards (D:1)
  3 goblins (D:1)
  5 rats
43 creatures vanquished.

Notes
Turn   | Place    | Note
-------+----------+-------------------------------------------
     0 | D:1      | nightchill the Ghoul Ice Elementalist began the quest for
                  | the Orb.
     0 | D:1      | Reached XP level 1. HP: 14/14 MP: 2/2
   201 | D:1      | Reached XP level 2. HP: 10/22 MP: 0/3
   573 | D:1      | Reached skill level 1 in Fighting
   725 | D:1      | Reached XP level 3. HP: 21/28 MP: 0/5
   808 | D:1      | Learned a level 3 spell: Frozen Ramparts
   870 | D:1      | Reached skill level 5 in Ice Magic
  1752 | D:2      | Reached XP level 4. HP: 27/36 MP: 0/6
  1875 | D:2      | Found a runed translucent door.
  1876 | D:2      | Noticed Crazy Yiuf
  1914 | D:2      | Killed Crazy Yiuf
  1998 | D:2      | Noticed a bullfrog
  2013 | D:2      | Killed a bullfrog
  2013 | D:2      | Reached skill level 6 in Ice Magic
  2013 | D:2      | Reached XP level 5. HP: 34/42 MP: 0/8
  2306 | D:2      | Slain by a rat

Illustrated notes

Levels and vault maps discovered:
D:1:      dpeg_arrival_oval, layout_rooms
D:2:      layout_basic, nicolae_overflow_hidden_temple, uniq_crazy_yiuf_cottage

Skill      XL: |  1  2  3  4 |
---------------+-------------+-----
Spellcasting   | 2 |  2.6
Fighting       | 1 2 |  2.4
Ice Magic      | 5 6 |  6.0
Dodging        | |  1.7
Stealth        | |  2.1

Action                   |  1- 3 |  4- 6 || total
-------------------------+-------+-------++-------
Melee: Unarmed           |    18 |       ||    18
       Club              |    15 |       ||    15
       Dagger            |    52 |     7 ||    59
 Cast: Freeze            |    34 |    12 ||    46
       Frozen Ramparts   |     3 |     2 ||     5
  Eat: Chunk             |    13 |     3 ||    16
Armor: Robe              |    31 |    64 ||    95
Dodge: Dodged            |   103 |   131 ||   234
